 Dungeon Crawl Stone Soup version 0.30.1-9-gdf580d7c3d (webtiles) character file.

Game seed: 10022108042685954695

86 Ancym0n the Covered (level 4, -3/40 HPs)
             Began as a Minotaur Fighter on Oct 16, 2023.
             Killed by nerve-wracking pain
             ... invoked by Jessica
              (7 damage)
             ... on level 3 of the Dungeon.
             The game lasted 00:04:16 (1585 turns).

Ancym0n the Covered (Minotaur Fighter)              Turns: 1585, Time: 00:04:17

Health: -3/40      AC:  7    Str: 22 (23) XL:     4   Next: 26%
Magic:  3/3        EV:  9    Int:  5      God:
Gold:   54         SH:  4    Dex:  9      Spells: 3/3 levels left

rFire   . . .        a - +0 long sword
rCold   . . .        c - +0 buckler
rNeg    . . .        b - +0 scale mail
rPois   .            (helmet restricted)
rElec   .            (no cloak)
rCorr   .            (no gloves)
SInv    .            (no boots)
Will    .....        (no amulet) Stlth
                     (no ring)
HPRegen 0.26/turn    (no ring)
MPRegen 0.08/turn

%: no passive effects
@: no status effects
A: horns 2, retaliatory headbutt
a: no special abilities


You were on level 3 of the Dungeon.
You visited 1 branch of the dungeon, and saw 3 of its levels.

You collected 54 gold pieces.

Inventory:

Hand Weapons
 a - a +0 long sword (weapon)
Armour
 b - a +0 scale mail (worn)
 c - a +0 buckler (worn)
Scrolls
 e - a scroll of fear
 f - a scroll of immolation {unknown}
Potions
 d - a potion of might
 g - a potion of resistance {unknown}


   Skills:
 + Level 4.0 Fighting
 + Level 3.5 Long Blades
 + Level 4.6 Armour
 + Level 0.7 Dodging
 + Level 4.2 Shields


You had 3 spell levels left.
You didn't know any spells.
Your spell library was empty.

Dungeon Overview and Level Annotations

Branches:
Dungeon (3/15)

Altars:

Shops:
D:2 [

Annotations:
D:3 Jessica


Innate Abilities, Weirdness & Mutations

You have a pair of horns on your head.
You reflexively headbutt those who attack you in melee.


Message History

Jessica blinks!
Jessica barely misses you. Jessica hits you with a +0 dagger.
Jessica zaps a wand.
The puff of flame hits you but does no damage.
Jessica completely misses you. Jessica casts a spell at you.
Pain shoots through your body! Jessica hits you with a +0 dagger.
Jessica barely misses you. Jessica hits you with a +0 dagger.
Jessica hits you with a +0 dagger.
Jessica gestures wildly while chanting.
Jessica blinks!
Jessica gestures at you while chanting.
You barely resist. Jessica hits you but does no damage.
You hit Jessica but do no damage. Jessica misses you.
Jessica casts a spell at you. Pain shoots through your body!
* * * LOW HITPOINT WARNING * * *
You hit Jessica.
Jessica is moderately wounded.
You block Jessica's attack. Jessica barely misses you.
You completely miss Jessica.
Jessica is moderately wounded.
Jessica gestures wildly while chanting.
Jessica blinks!
Jessica gestures at you while chanting. Pain shoots through your body!
* * * LOW HITPOINT WARNING * * *
Jessica looks very angry.
Jessica casts a spell.
Jessica blinks!
You block Jessica's attack. Jessica hits you but does no damage.
Jessica grins evilly.
You see here a rat corpse.
Jessica says, "I'm really upset."
Jessica gestures at you while chanting. Pain shoots through your body!
You die...

...# .#
#.#####.#
#.......#
#.......#
#!......#
#.......#
#.###..$....#
#........@..#
#####....@..#
###..####
#>.# #..#
#..# #..#
#... #..#
...#


You could see Jessica (fast).

Vanquished Creatures
  Terence (D:2)
  An adder (D:2)
  5 worms (D:2)
  3 dart slugs
  3 endoplasms
  A giant cockroach (D:2)
  5 goblins
  A hobgoblin (D:2)
  2 quokkas
  5 ball pythons
  A bat (D:2)
  A frilled lizard (D:2)
  2 kobolds
  2 rats
33 creatures vanquished.

Notes
Turn   | Place    | Note
-------+----------+-------------------------------------------
     0 | D:1      | Ancym0n the Minotaur Fighter began the quest for the Orb.
     0 | D:1      | Reached XP level 1. HP: 19/19 MP: 0/0
   406 | D:1      | Reached XP level 2. HP: 27/27 MP: 1/1
   854 | D:2      | Found a faded altar of an unknown god.
   871 | D:2      | Gained mutation: You sometimes lose your temper in combat.
                  | [potion of mutation]
   871 | D:2      | Gained mutation: Armour fits poorly on your strangely
                  | shaped body. [potion of mutation]
   871 | D:2      | Lost mutation: Armour fits poorly on your strangely shaped
                  | body. [potion of mutation]
   871 | D:2      | Lost mutation: You sometimes lose your temper in combat.
                  | [potion of mutation]
   992 | D:2      | Noticed Terence
  1011 | D:2      | Killed Terence
  1012 | D:2      | Reached XP level 3. HP: 14/33 MP: 2/2
  1165 | D:2      | Reached XP level 4. HP: 13/40 MP: 3/3
  1435 | D:2      | Found Geaz's Armour Shop.
  1545 | D:3      | Noticed Jessica
  1585 | D:3      | Killed from afar by Jessica

Illustrated notes

Levels and vault maps discovered:
D:1:      scummos_arrival_gate, layout_basic, hangedman_decor_slide_cut
D:2:      layout_basic, serial_shops, shop, ebering_ecumenical_altar_hall,
          corner_web_ring, uniq_terence
D:3:      layout_loops_ring, kennysheep_minor_cross, uniq_jessica

Skill      XL: |  1  2  3 |
---------------+----------+-----
Armour         | 4 |  4.6
Shields        | 4 |  4.2
Long Blades    | 3 |  3.5
Fighting       | 4 |  4.0
Dodging        | |  0.7

Action                     |  1- 3 |  4- 6 || total
---------------------------+-------+-------++-------
  Melee: Long sword        |    56 |    22 ||    78
         Headbutt          |     6 |     6 ||    12
    Use: Scroll            |     2 |       ||     2
         Potion            |     2 |       ||     2
 Armour: Scale mail        |    37 |    13 ||    50
  Dodge: Dodged            |    46 |    13 ||    59
  Block: Buckler           |    21 |     6 ||    27
